 Dungeon Crawl Stone Soup version 0.22-a0-136-g83a10e5 (webtiles) character file.

164 mhoghedin the Vandal (level 5, 0/36 HPs)
             Began as a Halfling Hunter on Feb 3, 2018.
             Was an Initiate of Okawaru.
             Succumbed to a kobold's poison
             ... on level 3 of the Dungeon.
             The game lasted 00:03:46 (2089 turns).

mhoghedin the Vandal (Halfling Hunter)              Turns: 2089, Time: 00:03:47

Health: 0/36       AC:  3    Str: 14    XL:     5   Next: 73%
Magic:  5/5        EV: 16    Int:  9    God:    Okawaru [......]
Gold:   67         SH:  0    Dex: 15    Spells: 4/4 levels left

rFire    . . .     SeeInvis .   a - +1 hunting sling
rCold    . . .     Gourm    .   (shield restricted)
rNeg     . . .     Faith    .   c - +0 leather armour
rPois    .         Spirit   .   (no helmet)
rElec    .         Reflect  .   (no cloak)
rCorr    .         Harm     .   (no gloves)
MR       .....                  (no boots)
Stlth    ++........             g - amulet of rage {+Rage, !d}
HPRegen  0.12/turn              (no ring)
MPRegen  0.09/turn              (no ring)

@: lethally poisoned (0 -> -10)
A: small, mutation resistance 1
a: Renounce Religion, Evoke Berserk Rage


You were on level 3 of the Dungeon.
You worshipped Okawaru.
Okawaru was noncommittal.
You were not hungry.

You visited 1 branch of the dungeon, and saw 3 of its levels.

You collected 67 gold pieces.

Inventory:

Hand Weapons
 a - a +1 hunting sling (weapon)
 b - a +0 short sword
Missiles
 d - 42 sling bullets
 e - 11 stones (quivered)
Armour
 c - a +0 leather armour (worn)
 k - a +0 cloak
   (You found it on level 1 of the Dungeon)
Jewellery
 g - an amulet of rage (around neck) {+Rage, !d}
   (You found it on level 1 of the Dungeon)
Scrolls
 h - a scroll of amnesia {unknown}
 i - 2 scrolls of identify {unknown}
 j - 2 scrolls of fog {unknown}
 l - 3 scrolls of teleportation {unknown}
 n - a scroll of enchant armour {unknown}
Comestibles
 f - 6 rations


   Skills:
 + Level 3.1 Fighting
 + Level 7.3 Slings
 + Level 3.8 Dodging
 - Level 1.1 Stealth


You had 4 spell levels left.
You didn't know any spells.

Dungeon Overview and Level Annotations

Branches:
Dungeon (3/15)

Altars:
Okawaru


Innate Abilities, Weirdness & Mutations

You are small and have problems with some larger weapons.
You are somewhat resistant to further mutation.


Message History

Aim: a jackal (heavily wounded)
You shoot a stone. The stone hits the jackal.
You kill the jackal!
Okawaru accepts your kill.
You feel sick.
You are no longer poisoned.
You take 1 damage, and have 19/36 hp.
Firing (i - inventory. (/) - cycle)
e - 22 stones (quivered)
Aim: a jackal (heavily wounded)
You shoot a stone. The stone hits the jackal.
You kill the jackal!
Okawaru accepts your kill.
Firing (i - inventory. (/) - cycle)
e - 21 stones (quivered)
Aim: an orc, wielding a war axe You shoot a stone.
The stone hits the orc!
You kill the orc!
Okawaru accepts your kill.
Firing (i - inventory. (/) - cycle)
e - 20 stones (quivered)
Aim: a goblin You shoot a stone.
The stone hits the goblin.
Firing (i - inventory. (/) - cycle)
e - 19 stones (quivered)
Aim: a goblin (moderately wounded)
You shoot a stone. The stone hits the goblin.
You kill the goblin!
Okawaru accepts your kill.
The kobold shoots a poisoned needle.
The poisoned needle misses you.
Firing (i - inventory. (/) - cycle)
e - 18 stones (quivered)
Aim: a kobold, wielding a blowgun You shoot a stone.
The stone hits the kobold.
The kobold shoots a poisoned needle.
The poisoned needle hits you!
You are poisoned.
Unknown command.
Firing (i - inventory. (/) - cycle)
e - 17 stones (quivered)
Aim: a kobold, wielding a blowgun (moderately wounded)
You shoot a stone. The stone closely misses the kobold.
You feel sick.
The kobold shoots a poisoned needle.
The poisoned needle hits you!
You are more poisoned.
Firing (i - inventory. (/) - cycle)
e - 16 stones (quivered)
Aim: a kobold, wielding a blowgun (moderately wounded)
You shoot a stone. The stone barely misses the kobold.
You feel sick.
The kobold shoots a poisoned needle.
The poisoned needle hits you!
You are more poisoned.
You take 1 damage, and have 18/36 hp.
Firing (i - inventory. (/) - cycle)
e - 15 stones (quivered)
Aim: a kobold, wielding a blowgun (moderately wounded)
You shoot a stone.
The stone hits the kobold but does no damage.
You feel sick.
You take 2 damage, and have 16/36 hp.
Unknown command.
Firing (i - inventory. (/) - cycle)
e - 14 stones (quivered)
Aim: a kobold, wielding a blowgun (moderately wounded)
You shoot a stone. The stone closely misses the kobold.
You feel sick.
The kobold shoots a poisoned needle.
The poisoned needle closely misses you.
Firing (i - inventory. (/) - cycle)
e - 13 stones (quivered)
Aim: a kobold, wielding a blowgun (moderately wounded)
You shoot a stone. The stone closely misses the kobold.
You feel sick.
The kobold shoots a poisoned needle.
The poisoned needle misses you.
You take 4 damage, and have 12/36 hp.
Firing (i - inventory. (/) - cycle)
e - 12 stones (quivered)
Aim: a kobold, wielding a blowgun (moderately wounded)
You shoot a stone. The stone hits the kobold.
You kill the kobold!
Okawaru accepts your kill.
You feel sick.
You take 1 damage, and have 11/36 hp.
Firing (i - inventory. (/) - cycle)
e - 11 stones (quivered)
Really target yourself? [Y]es or [N]o only, please.
Really target yourself?
Okay, then.
Unknown command.
Unknown command.
You aren't carrying any potions.
There is a lethal amount of poison in your body!
Unknown command.
* * * LOW HITPOINT WARNING * * *
You feel sick.
You take 2 damage, and have 9/36 hp.
* * * LOW HITPOINT WARNING * * *
You feel sick.
You take 1 damage, and have 8/36 hp.
* * * LOW HITPOINT WARNING * * *
You feel sick.
You take 2 damage, and have 6/36 hp.
* * * LOW HITPOINT WARNING * * *
You feel sick.
* * * LOW HITPOINT WARNING * * *
You feel sick.
You take 1 damage, and have 5/36 hp.
* * * LOW HITPOINT WARNING * * *
You feel sick.
You take 2 damage, and have 3/36 hp.
* * * LOW HITPOINT WARNING * * *
You feel sick.
You take 1 damage, and have 2/36 hp.
* * * LOW HITPOINT WARNING * * *
You feel sick.
You take 1 damage, and have 1/36 hp.
You die...

#.....#....#
#.###.#.##)##.#
###...#.).......#
#..<#.#)##.#.##<....
#.###.#.##...# ####
#......(####.#
####.##.####.##
#.................
#...##@###..##...# .
#... #(# ......##.
#... #(# ...... #.[.
#.# #...# #)# ##...#
###)######....##
#........K.....#
#..(..o†.......#
#..............#####


There were no monsters in sight!

Vanquished Creatures
  A worker ant (D:3)
  2 orc wizards (D:3)
  An adder (D:3)
  An ooze (D:1)
  An adder zombie (D:2)
  A dart slug (D:1)
  2 leopard geckos (D:1)
  4 orcs (D:3)
  7 bats
  4 giant cockroaches
  7 hobgoblins
  3 jackals (D:3)
  5 kobolds
  3 quokkas (D:2)
  5 frilled lizards
  8 goblins
  6 rats
61 creatures vanquished.

Notes
Turn   | Place    | Note
-------+----------+-------------------------------------------
     0 | D:1      | mhoghedin the Halfling Hunter began the quest for the Orb.
     0 | D:1      | Reached XP level 1. HP: 14/14 MP: 1/1
   206 | D:1      | Reached skill level 6 in Slings
   223 | D:1      | Reached skill level 2 in Fighting
   223 | D:1      | Reached XP level 2. HP: 19/19 MP: 2/2
   294 | D:1      | Reached XP level 3. HP: 21/24 MP: 3/3
   811 | D:1      | Reached skill level 3 in Dodging
  1092 | D:2      | Reached XP level 4. HP: 28/30 MP: 4/4
  1444 | D:2      | Found an iron altar of Okawaru.
  1563 | D:2      | Became a worshipper of Warmaster Okawaru
  1789 | D:3      | HP: 3/30 [something/puff of flame (9)]
  1795 | D:3      | Reached skill level 7 in Slings
  1795 | D:3      | Reached XP level 5. HP: 17/36 MP: 5/5
  1951 | D:3      | Reached skill level 3 in Fighting
  2081 | D:3      | HP: 9/36 [poisoned by a kobold]
  2086 | D:3      | HP: 3/36 [poisoned by a kobold]
  2088 | D:3      | HP: 1/36 [poisoned by a kobold]
  2089 | D:3      | Succumbed to a kobold's poison

Vault maps used:
D:1:      dpeg_arrival_circle_labyrinth_c, hangedman_decor_peaks_small,
          st_stairs_10
D:2:      lemuel_coloured_pillars_altar
D:3:      tso_oasis_becter, first_ration, solitary_fountain

Skill      XL: |  1  2  3  4  5 |
---------------+----------------+-----
Slings         | 6 7 |  7.3
Fighting       | 2 3 |  3.1
Dodging        | 3 |  3.8
Stealth        | |  1.1

Action                   |  1- 3 |  4- 6 || total
-------------------------+-------+-------++-------
Melee: Short sword       |       |     3 ||     3
 Fire: Hunting sling     |   117 |    87 ||   204
  Use: Potion            |       |     2 ||     2
  Eat: Chunk             |       |     3 ||     3
Armor: Leather armour    |     7 |    11 ||    18
Dodge: Dodged            |    25 |    25 ||    50

Table legend:
 A = Spawn XP
 B = Non-spawn XP
 C = Spawn XP percentage of total XP
 D = Spawn monster count
 E = Non-spawn monster count
 F = Spawn count percentage of total count
 G = Total turns spent on level
                    A         B        C        D         E        F      G
               +---------+---------+-------+---------+---------+-------+---------
         Total |       0 |     235 |   0.0 |       0 |      61 |   0.0 |  2089
               +---------+---------+-------+---------+---------+-------+---------
           D:1 |       0 |      56 |   0.0 |       0 |      28 |   0.0 |   891
           D:2 |       0 |      28 |   0.0 |       0 |      15 |   0.0 |   867
           D:3 |       0 |     151 |   0.0 |       0 |      18 |   0.0 |   331
               +---------+---------+-------+---------+---------+-------+---------

Vault maps used:
D:1:      dpeg_arrival_circle_labyrinth_c, hangedman_decor_peaks_small,
          st_stairs_10
D:2:      lemuel_coloured_pillars_altar
D:3:      tso_oasis_becter, first_ration, solitary_fountain

Table legend:
 A = Turns spent in this place as a percentage of turns spent in the entire game.
 B = Non-inter-level travel turns spent in this place as a percentage of non-inter-level travel turns spent in the entire game.
 C = Inter-level travel turns spent in this place as a percentage of turns spent in this place.
 D = Turns resting spent in this place as a percentage of non-inter-level travel turns spent in this place.
 E = Turns spent auto-exploring this place as a percentage of non-inter-level travel turns spent in this place.
 F = Non-inter-level travel turns spent in this place divided by the number of levels of this place that you've seen.
                   A       B       C       D       E      F
               +-------+-------+-------+-------+-------+----------------------
         Total | 100.0 | 100.0 |   5.2 |   5.1 |  78.3 | 660.0
       Dungeon | 100.0 | 100.0 |   5.2 |   5.1 |  78.3 | 660.0
               +-------+-------+-------+-------+-------+----------------------

Table legend:
 A = Kills in this place as a percentage of kills in entire the game.
 B = Kills by you in this place as a percentage of kills by you in the entire game.
 C = Kills by friends in this place as a percentage of kills by friends in the entire game.
 D = Other kills in this place as a percentage of other kills in the entire game.
 E = Experience gained in this place as a percentage of experience gained in the entire game.
 F = Experience gained in this place divided by the number of levels of this place that you have seen.
                   A       B       C       D       E      F
               +-------+-------+-------+-------+-------+----------------------
         Total | 100.0 | 100.0 |   N/A |   N/A | 100.0 |  78.3
       Dungeon | 100.0 | 100.0 |   N/A |   N/A | 100.0 |  78.3
               +-------+-------+-------+-------+-------+----------------------
